 Dungeon Crawl Stone Soup version 0.25.0-10-g039870ee82 (webtiles) character file.

Game seed: 705795443717423518

42 shadizar the Sneak (level 3, -3/26 HPs)
             Began as an Octopode Fighter on June 22, 2020.
             Slain by Terence
             ... wielding a +0 flail of protection
              (11 damage)
             ... on level 1 of the Dungeon.
             The game lasted 00:02:18 (1407 turns).

shadizar the Sneak (Octopode Fighter)               Turns: 1407, Time: 00:02:18

Health: -3/26      AC:  1    Str: 15    XL:     3   Next: 56%
Magic:  3/3        EV: 11    Int: 10    God:
Gold:   19         SH:  8    Dex: 12    Spells: 2/2 levels left

rFire    . . .     SeeInvis .   a - +0 long sword
rCold    . . .     Gourm    .   b - +0 kite shield
rNeg     . . .     Faith    .   (helmet restricted)
rPois    +         Spirit   .   (no amulet)
rElec    .         Reflect  .   g - ring of poison resistance
rCorr    .         Harm     .   (no ring)
MR       .....                  (no ring)
Stlth    ++++......             (no ring)
HPRegen  0.08/turn              (no ring)
MPRegen  0.08/turn              (no ring)
                                (no ring)
                                (no ring)

@: mighty
A: almost no armour, stealthy swim, amphibious, 8 rings, constrict 8, camouflage
1, gelatinous body 1
a: no special abilities


You were on level 1 of the Dungeon.
You were hungry.

You visited 1 branch of the dungeon, and saw 2 of its levels.

You collected 19 gold pieces.

Inventory:

Hand Weapons
 a - a +0 long sword (weapon)
Armour
 b - a +0 kite shield (worn)
Jewellery
 g - a ring of poison resistance (left tentacle)
Scrolls
 e - a scroll of identify {unknown}
Potions
 h - 2 potions of cancellation {unknown}
Comestibles
 d - 2 rations
 f - a chunk of flesh


   Skills:
 - Level 3.0 Fighting
 - Level 2.0 Long Blades
 - Level 3.0 Dodging
 + Level 4.5 Stealth
 - Level 3.0 Shields


You had 2 spell levels left.
You didn't know any spells.
Your spell library was empty.

Dungeon Overview and Level Annotations

Branches:
Dungeon (2/15)

Altars:

Annotations:
D:1 Terence


Innate Abilities, Weirdness & Mutations

You cannot wear most types of armour.
You are very stealthy in the water. (Stealth+)
You are amphibious.
You can wear up to eight rings at the same time.
You can use your tentacles to constrict eight enemies at once.
Your skin changes colour to match your surroundings (Stealth+).
Your rubbery body absorbs attacks. (AC +1, EV +1)


Message History

You slice the worm!!
You kill the worm!
Terence barely misses you.
You see here a worm corpse.
Some of the chunks of flesh in your inventory have rotted away.
You block Terence's attack. Terence says, "Did you write a will?
You should..."
Terence shouts, "DIE!!!"
You are feeling hungry.
You don't know any spells.
Unknown command.
You hit Terence. Your grab misses Terence.
Terence is lightly wounded.
Terence hits you with a +0 flail of protection.
You block Terence's attack.
You barely miss Terence. You grab Terence. You squeeze Terence!
Terence is heavily wounded.
You constrict Terence, but do no damage.
Terence hits you with a +0 flail of protection!
You die...

#.##≈PP# #.##.###
#.##P≈≈# ###.#....####
#≈PP##.# #...#..#....#
#P≈≈##.###.....(.....#
#≈≈P.........#.......#
###########.##......##
#........#.#
#.##.##..#.#
#.@@.....#+###
####.........#
#.........##
#..........#
#..........#
#..........#
#.#......#.#
#.#......#[#
#.#......#.#


You could see Terence.

Vanquished Creatures
  A gnoll (D:1)
  2 worms
  A dart slug (D:1)
  2 giant cockroaches
  4 hobgoblins
  2 jackals (D:1)
  4 kobolds
  A quokka (D:2)
  A ball python (D:1)
  A bat (D:1)
  A frilled lizard (D:2)
  2 goblins (D:1)
  2 rats (D:1)
24 creatures vanquished.

Notes
Turn   | Place    | Note
-------+----------+-------------------------------------------
     0 | D:1      | shadizar the Octopode Fighter began the quest for the Orb.
     0 | D:1      | Reached XP level 1. HP: 16/16 MP: 1/1
    24 | D:1      | Reached skill level 1 in Stealth
   110 | D:1      | Reached skill level 3 in Stealth
   110 | D:1      | Reached XP level 2. HP: 17/21 MP: 2/2
   389 | D:1      | You fall into a shaft and drop 1 floor!
   658 | D:2      | Reached XP level 3. HP: 26/26 MP: 3/3
   755 | D:2      | Reached skill level 4 in Stealth
  1348 | D:2      | Noticed Terence
  1407 | D:1      | Slain by Terence

Illustrated notes

Levels and vault maps discovered:
D:1:      psy_arrival_conway, layout_basic, st_stairs_14
D:2:      layout_loops_corners, uniq_terence

Skill      XL: |  1  2  3 |
---------------+----------+-----
Stealth        | 3 4 |  4.5
Fighting       | |  3.0
Long Blades    | |  2.0
Dodging        | |  3.0
Shields        | |  3.0

Action                   || total
-------------------------++-------
Melee: Long sword        ||    50
       Constrict         ||    10
       Tentacles         ||     5
  Use: Potion            ||     1
 Stab: Sleeping          ||     7
  Eat: Chunk             ||     1
Armor: Skin              ||     2
Dodge: Dodged            ||    22
Block: Kite shield       ||    17
       Rpst.: Long sword ||     7
